 Dungeon Crawl Stone Soup version 0.29.0-4-gdea44cf6ec (webtiles) character file.

Game seed: 10780687292759183639

82 qw the Chopper (level 4, -1/26 HPs)
             Began as a Tengu Warper on Aug 28, 2022.
             Slain by a gnoll
             ... wielding a +0 halberd
              (6 damage)
             ... on level 3 of the Dungeon.
             The game lasted 00:00:17 (3151 turns).

qw the Chopper (Tengu Warper)                       Turns: 3151, Time: 00:00:18

Health: -1/26      AC:  7    Str: 16    XL:     4   Next: 43%
Magic:  8/8        EV:  8    Int: 14    God:
Gold:   69         SH: 12    Dex: 13    Spells: 7/7 levels left

rFire   + . .      SeeInvis .   Y - +0 war axe
rCold   . . .      Faith    .   a - +0 tower shield
rNeg    + . .      Spirit   .   k - +5 robe of the Leaf {rElec rF+ rN+ Str+3}
rPois   .          Reflect  .   (helmet restricted)
rElec   +          Harm     .   (no cloak)
rCorr   .          Rampage  .   (no gloves)
Will    .....                   (boots unavailable)
Stlth   +.........              (no amulet)
HPRegen 0.08/turn               (no ring)
MPRegen 0.11/turn               (no ring)

@: no status effects
A: beak, talons 3
a: no special abilities


You were on level 3 of the Dungeon.
You visited 1 branch of the dungeon, and saw 3 of its levels.

You collected 69 gold pieces.


Innate Abilities, Weirdness & Mutations

You have a beak for a mouth.
You have claws for feet.


   Skills:
 - Level 2.0 Fighting
 - Level 3.9 Axes
 - Level 1.0 Throwing
 - Level 1.1 Armour
 - Level 2.1 Dodging
 + Level 2.5 Shields
 - Level 2.0 Spellcasting
 - Level 2.4 Translocations


You had 7 spell levels left.
You didn't know any spells.
Your spell library contained the following spells:

 Spells                   Type           Power      Damage    Failure   Level
 Blink                    Tloc           16%        N/A       88%         2
 Gell's Gravitas          Tloc           8%         N/A       98%         3
 Lesser Beckoning         Tloc           8%         N/A       98%         3
 Teleport Other           Tloc           8%         N/A       98%         3
 Manifold Assault         Tloc           8%         N/A       100%        5

Inventory:

Hand Weapons
 d - a +0 mace
 Y - a +0 war axe (weapon)
Armour
 a - a +0 tower shield (worn)
 k - the +5 robe of the Leaf (worn) {rElec rF+ rN+ Str+3}
   (You found it on level 2 of the Dungeon)

   Str:       It affects your strength (+3).
   rF:        It protects you from fire.
   rElec:     It insulates you from electricity.
   rN:        It protects you from negative energy.
Scrolls
 b - a scroll of fear {unknown}
 e - 2 scrolls of silence {unknown}
 m - a scroll of teleportation
Potions
 c - a potion of curing
 f - a potion of degeneration {unknown}
 g - a potion of cancellation {unknown}
 h - a potion of mutation {unknown}
 i - a potion of heal wounds {unknown}
 j - a potion of invisibility {unknown}
 l - a potion of haste {unknown}

Dungeon Overview and Level Annotations

Branches:
Dungeon (3/15)

Altars:
Uskayaw

Shops:
D:2 =


Message History

You closely miss the frilled lizard. The frilled lizard bites you.
You block the frilled lizard's attack.
You miss the frilled lizard. The frilled lizard barely misses you.
The frilled lizard bites you but does no damage.
You barely miss the frilled lizard. The frilled lizard barely misses you.
You barely miss the frilled lizard. You block the frilled lizard's attack.
The frilled lizard bites you but does no damage.
You barely miss the frilled lizard. Your kick misses the frilled lizard.
You peck the frilled lizard.
You kill the frilled lizard!
You start resting.
HP restored.
You see here a frilled lizard corpse.
A gnoll comes into view. It is wielding a +0 flail.
The gnoll shouts!
A gnoll comes into view. It is wielding a +0 halberd.
The gnoll shouts!
You hear a shout!
A gnoll comes into view. It is wielding a +0 whip.
You block the gnoll's attack.
You hit the gnoll. You peck the gnoll, but do no damage.
The gnoll is heavily wounded.
The gnoll hits you with a +0 flail. x2; The gnoll barely misses you.
You hit the gnoll but do no damage.
The gnoll is heavily wounded.
You block the gnoll's attack. x2
You barely miss the gnoll.
The gnoll is heavily wounded.
The gnoll hits you from afar with a +0 halberd.
You block the gnoll's attack. The gnoll hits you with a +0 whip.
You block the gnoll's attack.
You barely miss the gnoll.
The gnoll is heavily wounded.
You barely miss the gnoll. The gnoll hits you with a +0 flail.
The gnoll barely misses you. The gnoll hits you with a +0 flail.
You block the gnoll's attack.
The gnoll hits you from afar with a +0 halberd.
You die...

.....[##.# # #..#.#
### ######...#
#.########
#........####..#.....#
..######...).........#
.## ########%.....###
#### #........# ....
######......#.# ....
......g@g...# .....
......#......!. #####
..#####g....### #>## .
#.....# ...8 .......#
.. .......# .......#
........#


You could see 3 gnolls.

Vanquished Creatures
  A river rat (D:3)
  An adder (D:3)
  2 worms
  2 dart slugs (D:1)
  7 endoplasms
  4 giant cockroaches
  6 hobgoblins
  2 jackals (D:1)
  2 quokkas (D:1)
  3 ball pythons
  2 bats
  4 frilled lizards
  4 goblins
  6 kobolds
  4 rats
50 creatures vanquished.

Vanquished Creatures (others)
  2 fungi (D:1)
  9 plants
11 creatures vanquished.

Grand Total: 61 creatures vanquished

Notes
Turn   | Place    | Note
-------+----------+-------------------------------------------
     0 | D:1      | qw the Tengu Warper began the quest for the Orb.
     0 | D:1      | Reached XP level 1. HP: 12/12 MP: 4/4
     0 | D:1      | 0 ||| qw: Version: 0.1-a-89-g26bdef1
     0 | D:1      | 0 ||| qw: Game counter: 1093
     0 | D:1      | 0 ||| qw: Always use a shield: true
     0 | D:1      | 0 ||| qw: God list: Okawaru
     0 | D:1      | 0 ||| qw: Allow faded altars: false
     0 | D:1      | 0 ||| qw: Do Orc after D:15 true
     0 | D:1      | 0 ||| qw: Do second Lair branch before Depths: true
     0 | D:1      | 0 ||| qw: Lair rune preference: random
     0 | D:1      | 0 ||| qw: Plans: Normal
     0 | D:1      | 0 ||| PLANNING D:1-11
   124 | D:1      | 124 ||| Stepping ~*~*~tactically~*~*~ (stealth).
   125 | D:1      | 125 ||| Stepping ~*~*~tactically~*~*~ (stealth).
   126 | D:1      | 126 ||| Stepping ~*~*~tactically~*~*~ (stealth).
   128 | D:1      | 128 ||| Stepping ~*~*~tactically~*~*~ (stealth).
   159 | D:1      | Reached XP level 2. HP: 11/17 MP: 6/6
   282 | D:1      | 282 ||| SWAPPING to +0 war axe.
   289 | D:1      | Reached skill level 3 in Axes
   289 | D:1      | 289 ||| DROPPING +0 hand axe.
   400 | D:1      | 400 ||| Stepping ~*~*~tactically~*~*~ (stealth).
   402 | D:1      | 402 ||| Stepping ~*~*~tactically~*~*~ (stealth).
   873 | D:1      | Reached XP level 3. HP: 18/21 MP: 7/7
  1144 | D:1      | Found a faded altar of an unknown god.
  1259 | D:1      | 1259 ||| UPGRADING to +0 tower shield.
  1264 | D:1      | 1264 ||| READING scroll labelled CIRUOCK QOLU.
  1265 | D:1      | 1265 ||| READING scroll labelled COQUUS FI ELOI.
  1266 | D:1      | 1266 ||| DROPPING scroll of blinking.
  1276 | D:2      | 1276 ||| STAIRDANCE
  1336 | D:2      | 1336 ||| Stepping ~*~*~tactically~*~*~ (stealth).
  1378 | D:2      | Found Rarraeli's Jewellery Boutique.
  1389 | D:2      | 1389 ||| SHOPLISTING +4 ring of evasion (432 gold, have
                  | 48).
  1389 | D:2      | 1389 ||| SHOPLISTING amulet of guardian spirit (360 gold,
                  | have 48).
  1389 | D:2      | 1389 ||| SHOPLISTING amulet of regeneration (360 gold, have
                  | 48).
  1389 | D:2      | 1389 ||| SHOPLISTING ring of fire (300 gold, have 48).
  1389 | D:2      | 1389 ||| SHOPLISTING ring of poison resistance (240 gold,
                  | have 48).
  1389 | D:2      | 1389 ||| SHOPLISTING ring of protection from cold (300
                  | gold, have 48).
  1389 | D:2      | 1389 ||| SHOPLISTING ring of resist corrosion (240 gold,
                  | have 48).
  1425 | D:2      | 1425 ||| Stepping ~*~*~tactically~*~*~ (hiding).
  1485 | D:2      | 1485 ||| Stepping ~*~*~tactically~*~*~ (stealth).
  1561 | D:2      | 1561 ||| FLEEEEING.
  1573 | D:2      | 1573 ||| FLEEEEING.
  1574 | D:2      | 1574 ||| FLEEEEING.
  1577 | D:2      | 1577 ||| STAIRDANCE
  1616 | D:1      | 1616 ||| READING scroll labelled OLOAMEEGAO.
  1617 | D:1      | 1617 ||| READING scroll labelled EGHOTE ENTA.
  1676 | D:2      | 1676 ||| STAIRDANCE
  1681 | D:1      | HP: 2/21 [worm (4)]
  1945 | D:2      | Reached skill level 1 in Shields
  1945 | D:2      | 1945 ||| STAIRDANCE
  2065 | D:2      | 2065 ||| Stepping ~*~*~tactically~*~*~ (hiding).
  2204 | D:2      | 2204 ||| DROPPING +0 club.
  2325 | D:2      | Identified the +5 robe of the Leaf {rElec rF+ rN+ Str+3}
  2535 | D:2      | Found a hide-covered altar of Uskayaw.
  2713 | D:2      | 2713 ||| UPGRADING to +0 ring mail.
  2723 | D:2      | 2723 ||| DROPPING +0 leather armour.
  2724 | D:2      | 2724 ||| UPGRADING to +5 robe of the Leaf {rElec rF+ rN+
                  | Str+3}.
  2734 | D:2      | 2734 ||| DROPPING +0 ring mail.
  2735 | D:2      | 2735 ||| DRINKING 2 murky purple potions.
  2736 | D:2      | 2736 ||| DRINKING 2 puce potions.
  2767 | D:2      | 2767 ||| DROPPING potion of lignification.
  2793 | D:3      | 2793 ||| PLANNING SEWER
  2948 | D:3      | Reached XP level 4. HP: 18/26 MP: 8/8
  3151 | D:3      | HP: 5/26 [gnoll/+0 flail (6)]
  3151 | D:3      | Slain by a gnoll

Levels and vault maps discovered:
D:1:      dpeg_arrival_tiny_a, layout_basic, dreamdust_ecumenical_altar_grove
D:2:      cheibrodos_old_hovel, layout_loops_ring, serial_shops,
          nicolae_shop_hallway_plus, basic_altar
D:3:      layout_rooms, nicolae_overflow_hidden_temple,
          lightli_sewer_entry_pipes, gammafunk_ghost_necromancy,
          nicolae_elevator_lobby_plus

Skill      XL: |  1  2  3  4 |
---------------+-------------+-----
Axes           | 3 |  3.9
Shields        | 1 2 |  2.5
Fighting       | |  2.0
Throwing       | |  1.0
Armour         | |  1.1
Dodging        | |  2.1
Spellcasting   | |  2.0
Translocations | |  2.4

Action                   |  1- 3 |  4- 6 || total
-------------------------+-------+-------++-------
Melee: Hand axe          |    11 |       ||    11
       Kick              |    24 |     2 ||    26
       Peck              |    16 |     4 ||    20
       War axe           |    93 |    24 ||   117
       Punch             |     1 |       ||     1
Throw: Boomerang         |     7 |       ||     7
  Use: Scroll            |     4 |       ||     4
       Potion            |     2 |       ||     2
 Stab: Distracted        |     1 |       ||     1
Armor: Leather armour    |    22 |       ||    22
       Robe              |       |     5 ||     5
Dodge: Dodged            |    46 |     8 ||    54
Block: Tower shield      |    18 |    16 ||    34

Table legend:
 A = Non-vault XP
 B = Vault XP
 C = Vault XP percentage of total XP
 D = Non-vault monster count
 E = Vault monster count
 F = Vault count percentage of total count
                 A         B        C        D         E       F
            +---------+---------+-------+---------+---------+-------
      Total |      82 |      36 |  30.5 |      44 |       6 |  12.0
            +---------+---------+-------+---------+---------+-------
        D:1 |      48 |       0 |   0.0 |      24 |       0 |   0.0
        D:2 |      16 |       2 |  11.1 |       9 |       1 |  10.0
        D:3 |      18 |      34 |  65.4 |      11 |       5 |  31.2
            +---------+---------+-------+---------+---------+-------
